 Dungeon Crawl Stone Soup version 0.30-a0-808-g6e0788376e (webtiles) character file.

Game seed: 17061575604337939751

3214 cforsyth the Covert (level 10, -1/64 HPs)
             Began as a Kobold Brigand on Feb 25, 2023.
             Was an Initiate of Hepliaklqana.
             Slain by a two-headed ogre
             ... wielding a +0 giant club
              (29 damage)
             ... on level 8 of the Dungeon.
             The game lasted 00:10:06 (10803 turns).

cforsyth the Covert (Kobold Brigand)               Turns: 10803, Time: 00:10:07

Health: -1/64      AC:  7    Str:  8    XL:     10   Next: 17%
Magic:  10/10      EV: 23    Int: 13    God:    Hepliaklqana [......]
Gold:   398        SH:  0    Dex: 27    Spells: 9/9 levels left

rFire   + . .      SeeInvis .    a - +3 dagger
rCold   . . .      Faith    .    (no shield)
rNeg    . . .      Spirit   .    j - +0 steam dragon scales
rPois   .          Reflect  .    (no helmet)
rElec   .          Harm     .    c - +0 cloak
rCorr   .          Rampage  .    (no gloves)
Will    .....                    b - +0 pair of boots
Stlth   ++++++                   (no amulet)
HPRegen 0.30/turn                t - ring of protection from fire
MPRegen 0.12/turn                E - +6 ring of dexterity

@: about to teleport
A: small, no large weapons, nightstalker 3
a: Renounce Religion


You were on level 8 of the Dungeon.
You worshipped Hepliaklqana.
Hepliaklqana was noncommittal.
You visited 2 branches of the dungeon, and saw 9 of its levels.

You collected 398 gold pieces.

Inventory:

Hand Weapons
 a - a +3 dagger (weapon)
Missiles
 d - 13 poisoned darts (quivered)
 e - 3 curare-tipped darts
 o - 4 atropa-tipped darts
Armour
 b - a +0 pair of boots (worn)
 c - a +0 cloak (worn)
 j - +0 steam dragon scales (worn)
Jewellery
 t - a ring of protection from fire (left hand)
 E - a +6 ring of dexterity (right hand)
Wands
 l - a wand of digging (15)
 r - a wand of charming (7)
 w - a wand of roots (7)
Scrolls
 f - 2 scrolls of fear
 g - a scroll of acquirement {unknown}
 h - a scroll of teleportation
 i - 3 scrolls of magic mapping
 k - 2 scrolls of immolation
 y - 3 scrolls of identify
 F - 2 scrolls of fog
 G - a scroll of noise {unknown}
Potions
 m - a potion of mutation
 n - 2 potions of haste {unknown}
 p - 3 potions of flight
 q - 2 potions of might
 s - 2 potions of heal wounds
 u - 3 potions of brilliance
 v - a potion of degeneration {unknown}
 x - 3 potions of berserk rage
 z - a potion of resistance {unknown}
 A - a potion of attraction {unknown}
 B - 2 potions of curing {unknown}
 C - a potion of cancellation {unknown}
 D - a potion of lignification {unknown}


   Skills:
 + Level 7.9 Fighting
 + Level 9.3 Short Blades
 - Level 2.1 Throwing
 + Level 8.2 Dodging
 + Level 11.0 Stealth


You had 9 spell levels left.
You didn't know any spells.
Your spell library contained the following spells:

 Spells                   Type           Power      Damage    Failure   Level
 Static Discharge         Conj/Air       0%         2-2/arc   43%         2
 Hailstorm                Conj/Ice       0%         3d3       67%         3
 Ignite Poison            Fire/Tmut/Pois 0%         N/A       67%         3
 Kindle Blastsparks       Fire/Tloc/Air  0%         2d10      67%         3
 Portal Projectile        Hex/Tloc       0%         N/A       67%         3
 Tukima's Dance           Hex            0%         N/A       67%         3
 Vhi's Electric Charge    Tloc/Air       0%         N/A       67%         3
 Cause Fear               Hex            0%         N/A       97%         4
 Ice Form                 Ice/Tmut       0%         N/A       97%         4
 Arcjolt                  Conj/Air       0%         1d10      100%        5
 Blade Hands              Tmut           0%         N/A       100%        5
 Freezing Cloud           Conj/Ice/Air   0%         6-21      100%        5
 Lightning Bolt           Conj/Air       0%         1d11      100%        5
 Simulacrum               Ice/Necr       0%         N/A       100%        6
 Dragon Form              Tmut           0%         N/A       100%        7
 Dragon's Call            Summ           0%         N/A       100%        9


Dungeon Overview and Level Annotations

Branches:
Dungeon (8/15)             Temple (1/1) D:5
   Lair: D:8-11

Altars:
Ashenzari
Cheibriados
Dithmenos
Elyvilon
Gozag
Hepliaklqana
Kikubaaqudgha
Makhleb
Nemelex Xobeh
Okawaru
Qazlal
Ru
Sif Muna
Trog
Vehumet
Wu Jian
Xom
Yredelemnul
Zin

Shops:
D:6 (


Innate Abilities, Weirdness & Mutations

You are small and have problems with some larger weapons.
You are completely attuned to the shadows.


Message History

You hit the bullfrog.
The bullfrog is almost dead.
The bullfrog barely misses you.
You hit the bullfrog.
You kill the bullfrog!
No target in view!
No target in view!
No target in view!
No target in view!
Found a chain mail.
A howler monkey is nearby!
A howler monkey is nearby!
A howler monkey is nearby!
The two-headed ogre shouts in stereo!
The howler monkey howls!
You hear a shout!
The two-headed ogre hits you with a +0 giant club!!
The two-headed ogre misses you.
You hit the two-headed ogre.
The two-headed ogre is lightly wounded.
The howler monkey hoots and howls with incredible vigour!
You hear a shout! x2; You hear an angry hiss.
Something shouts, "Remove thy stench, thou puny base-court coxcomb!"
You hear a howl!
You hear an angry hiss.
You hit the two-headed ogre.
The two-headed ogre is lightly wounded.
The two-headed ogre hits you with a +0 giant club!
The two-headed ogre closely misses you.
You are too injured to fight recklessly!
You are too injured to fight recklessly!
You are too injured to fight recklessly!
You are too injured to fight recklessly!
You are too injured to fight recklessly!
As you read the scroll of teleportation, it crumbles to dust.
You feel strangely unstable.
The howler monkey hoots and howls with incredible vigour!
You hear an angry growl.
You hear a shout!
You hear an angry hiss. x2
You hear a howl!
The two-headed ogre attacks as you move away!
The two-headed ogre hits you with a +0 giant club!!
You die...

..........####### ##...##.....
..........#....####.....#.....#..
..........'...................>..
....#######......................
#...##########..........#...[....
....##..................#........
..........####..........#..)..[##
..........# #...O......#...÷..<.
..........# #..@.h.........÷..)#
..........####...................
######'####........#.#......#...#
........†..(.......#'#......#...#
............................#†...
............................#..##
......#.........##..........#...'
...#.........##..........#...# ..
##......[.##..........#...#


You could see a two-headed ogre and a howler monkey.

Vanquished Creatures
  Maggie (D:6)
  4 water moccasins
  An acid dragon (D:7)
  4 ice beasts
  A sky beast (D:6)
  A black bear (D:6)
  3 ogres
  2 centaurs
  2 phantoms
  2 bullfrogs
  3 scorpions (D:5)
  4 wights
  A howler monkey (D:8)
  An orc priest (D:7)
  4 jellies
  A hound (D:4)
  4 iguanas
  Ijyb (D:3)
  6 orc wizards
  5 gnolls
  9 adders
  A shadow imp (D:5)
  2 worms (D:3)
  2 dart slugs
  28 orcs
  3 bats
  6 endoplasms
  4 giant cockroaches
  3 goblins
  7 hobgoblins
  6 quokkas
  11 ball pythons
  3 frilled lizards
  11 kobolds
  3 rats
150 creatures vanquished.

Vanquished Creatures (collateral kills)
  An orc wizard (D:7)
1 creature vanquished.

Vanquished Creatures (others)
  An orc (D:5)
  2 fungi (D:8)
  10 plants
13 creatures vanquished.

Grand Total: 164 creatures vanquished

Notes
Turn   | Place    | Note
-------+----------+-------------------------------------------
     0 | D:1      | cforsyth the Kobold Brigand began the quest for the Orb.
     0 | D:1      | Reached XP level 1. HP: 12/12 MP: 1/1
   330 | D:1      | Reached XP level 2. HP: 18/18 MP: 2/2
  1094 | D:2      | Reached XP level 3. HP: 22/22 MP: 3/3
  1381 | D:2      | Reached XP level 4. HP: 24/27 MP: 4/4
  1478 | D:2      | Found a faded altar of an unknown god.
  1896 | D:2      | Reached skill level 6 in Stealth
  2553 | D:3      | Reached XP level 5. HP: 29/32 MP: 5/5
  3256 | D:3      | Noticed Ijyb
  3267 | D:3      | Killed Ijyb
  3893 | D:4      | Reached XP level 6. HP: 38/38 MP: 6/6
  4342 | D:4      | Reached skill level 7 in Stealth
  4766 | D:5      | Entered Level 5 of the Dungeon
  4985 | D:5      | Noticed an ice beast
  4989 | D:5      | Killed an ice beast
  4990 | D:5      | Reached skill level 5 in Short Blades
  4990 | D:5      | Reached XP level 7. HP: 44/44 MP: 7/7
  5023 | D:5      | Found a broken altar of Ashenzari.
  5103 | D:5      | Found a stormy altar of Qazlal.
  5975 | D:6      | Noticed Maggie
  5986 | D:6      | Killed Maggie
  5987 | D:6      | Reached skill level 5 in Fighting
  5987 | D:6      | Reached skill level 5 in Dodging
  5987 | D:6      | Reached skill level 8 in Stealth
  5987 | D:6      | Reached XP level 8. HP: 39/49 MP: 8/8
  6251 | D:6      | Reached skill level 9 in Stealth
  6301 | D:6      | Reached XP level 9. HP: 39/55 MP: 9/9
  6381 | D:6      | Found Rekleareo's Antique Weapon Shop.
  6571 | D:5      | Identified the +7 spear "Rucyrhiq" {vamp, Int+4}
  7038 | D:5      | Found a staircase to the Ecumenical Temple.
  7043 | Temple   | Entered the Ecumenical Temple
  7149 | Temple   | Became a worshipper of Hepliaklqana the Forgotten
  7925 | D:6      | Found a basalt altar of Yredelemnul.
  7963 | D:6      | Found a sacrificial altar of Ru.
  8263 | D:6      | Found a sparkling altar of Nemelex Xobeh.
  8559 | D:7      | Reached skill level 10 in Stealth
  9159 | D:8      | Reached * piety under Hepliaklqana
  9179 | D:8      | Noticed a two-headed ogre
 10017 | D:7      | Reached XP level 10. HP: 28/56 MP: 7/10
 10679 | D:8      | Reached skill level 11 in Stealth
 10803 | D:8      | Slain by a two-headed ogre

Illustrated notes

Levels and vault maps discovered:
D:1:      heliophobic_arrival_enchanted_forest, layout_loops_corners
D:2:      minmay_alternating_diamond, layout_loops_ring,
          shapermc_ecumenical_altar_pompeii
D:3:      layout_basic, uniq_ijyb
D:4:      minmay_door_path, layout_basic, chequers_jeans, saegor_snake_ambush
D:5:      layout_basic, nicolae_overflow_crystal_walls, grunt_qazlal_clouds,
          minmay_temple_entry_nine_rooms
D:6:      layout_basic, nicolae_ru_path_of_blood, nemelex_dance_club_becter,
          lemuel_doored_altar, serial_shops, shop, serial_co_window_serial,
          co_window_paths_a, co_window_paths_a, co_window_corner_a,
          co_window_cross_1, co_window_paths_a, co_window_corner_cb,
          co_window_broadway_b, co_window_2corner, co_window_broadway_c,
          co_window_2corner, co_window_corner_b, glass_columns_a,
          glass_columns_b, glass_columns_b, glass_columns_a, glass_columns_a,
          uniq_maggie
D:7:      layout_basic
D:8:      layout_basic, minmay_lair_entry_grove
Temple:   eino_narrow_crystal_temple

Skill      XL: |  1  2  3  4  5  6  7  8  9 10 |
---------------+-------------------------------+-----
Short Blades   | 3 4 5 6 7 8 9 |  9.3
Dodging        | 2 3 4 5 6 7 8 |  8.2
Fighting       | 3 4 5 6 7 |  7.9
Stealth        | 6 7 8 9 10 11 | 11.0
Throwing       | |  2.1

Action                     |  1- 3 |  4- 6 |  7- 9 | 10-12 || total
---------------------------+-------+-------+-------+-------++-------
  Melee: Dagger            |    55 |   206 |   299 |    52 ||   612
         Punch             |     1 |     6 |     2 |     1 ||    10
 Invoke: Recall Ancestor   |       |       |     2 |       ||     2
    Use: Scroll            |       |    14 |       |     1 ||    15
         Potion            |       |       |     1 |       ||     1
   Stab: Sleeping          |    19 |    24 |    24 |       ||    67
         Distracted        |       |       |     3 |       ||     3
 Armour: Robe              |     5 |    21 |     5 |       ||    31
         Steam dragon scal |       |       |    50 |     3 ||    53
  Dodge: Dodged            |    22 |   102 |   187 |    44 ||   355

Table legend: (Time is in decaauts)
 A = Elapsed time spent in this place.
 B = Non-inter-level travel time spent in this place.
 C = Inter-level travel time spent in this place.
 D = Time resting spent in this place.
 E = Time spent auto-exploring this place.
 F = Levels seen in this place.
 G = Mean time per level.
                   A        B        C        D        E       F      G
               +--------+--------+--------+--------+--------+-----+--------+
         Total |  10662 |  10467 |    195 |   2590 |   6560 |   9 | 1184.7 |
       Dungeon |  10481 |  10296 |    185 |   2590 |   6416 |   8 | 1310.1 |
        Temple |    180 |    170 |     10 |      0 |    144 |   1 |  180.0 |
               +--------+--------+--------+--------+--------+-----+--------+

Top non-repeatable levels by time:
     D:6: 2061 daAuts
     D:7: 2042 daAuts
     D:1: 1328 daAuts
     D:5: 1267 daAuts
     D:2: 1177 daAuts
     D:4: 1145 daAuts
     D:3: 1109 daAuts
     D:8: 348 daAuts
  Temple: 180 daAuts
